 Dungeon Crawl Stone Soup version 0.30-a0-782-ge64f9170bb (webtiles) character file.

Game seed: 14659792029280199175

39 Leeroy the Slasher (level 3, -2/29 HPs)
             Began as a Demigod Gladiator on Mar 2, 2023.
             Slain by Terence
             ... wielding a +0 hand axe
              (4 damage)
             ... on level 2 of the Dungeon.
             The game lasted 00:01:14 (1220 turns).

Leeroy the Slasher (Demigod Gladiator)              Turns: 1220, Time: 00:01:15

Health: -2/29      AC:  4    Str: 15    XL:     3   Next: 11%
Magic:  5/5        EV: 12    Int: 10    God:
Gold:   78         SH:  0    Dex: 19    Spells: 2/2 levels left

rFire   . . .      SeeInvis .    a - +0 long sword
rCold   . . .      Faith    .    (no shield)
rNeg    . . .      Spirit   .    b - +0 leather armour
rPois   .          Reflect  .    c - +0 helmet
rElec   .          Harm     .    (no cloak)
rCorr   .          Rampage  .    (no gloves)
Will    .....                    (no boots)
Stlth   +                        (no amulet)
HPRegen 0.24/turn                (no ring)
MPRegen 0.09/turn                (no ring)

@: no status effects
A: high MP 1, forlorn, divine attributes
a: no special abilities


You were on level 2 of the Dungeon.
You visited 1 branch of the dungeon, and saw 2 of its levels.

You collected 78 gold pieces.

Inventory:

Hand Weapons
 a - a +0 long sword (weapon)
 g - a +0 dagger of speed
Armour
 b - a +0 leather armour (worn)
 c - a +0 helmet (worn)
Scrolls
 f - a scroll of blinking {unknown}
 i - a scroll of fear {unknown}
 j - a scroll of teleportation {unknown}
Potions
 h - a potion of ambrosia {unknown}


   Skills:
 - Level 1.7 Fighting
 + Level 4.0 Long Blades
 - Level 1.7 Throwing
 - Level 2.6 Dodging


You had 2 spell levels left.
You didn't know any spells.
Your spell library was empty.

Dungeon Overview and Level Annotations

Branches:
Dungeon (2/15)

Annotations:
D:2 Terence


Innate Abilities, Weirdness & Mutations

You have an increased reservoir of magic. (+10% MP)
You shall have no god before yourself.
Your divine heritage dramatically boosts your attributes as you level up.


Message History

Terence is moderately wounded.
Terence struggles against the net.
You hit Terence but do no damage.
Terence is moderately wounded.
Terence struggles against the net.
You strike the helpless Terence from behind!
You slash Terence!
Terence is severely wounded.
Terence struggles against the net.
You completely miss Terence.
Terence is severely wounded.
Terence struggles against the net.
The net rips apart, and Terence comes free!
You barely miss Terence.
Terence is severely wounded.
Terence hits you but does no damage. Terence closely misses you.
You barely miss Terence.
Terence is severely wounded.
Terence hits you with a +0 hand axe.
* * * LOW HITPOINT WARNING * * *
Throw: 2 throwing nets
Press: ? - help, Q - select action, (/) - cycle Shift-Dir - straight line, f/p - Terence
Aim: Terence, wielding a +0 hand axe and wearing a +0 chain mail (severely wounded, 68% to hit)
You throw a throwing net. The throwing net barely misses Terence.
Terence hits you with a +0 hand axe.
* * * LOW HITPOINT WARNING * * *
Throw: throwing net
Press: ? - help, Q - select action, (/) - cycle Shift-Dir - straight line, f/p - Terence
Aim: Terence, wielding a +0 hand axe and wearing a +0 chain mail (severely wounded, 68% to hit)
You throw a throwing net. The throwing net barely misses Terence.
Terence hits you but does no damage.
Throw: javelin
Press: ? - help, Q - select action Shift-Dir - straight line, f/p - Terence
Aim: Terence, wielding a +0 hand axe and wearing a +0 chain mail (severely wounded, 68% to hit)
You throw a javelin. The javelin closely misses Terence.
Terence hits you but does no damage.
You hit Terence but do no damage.
Terence is severely wounded.
Terence hits you with a +0 hand axe.
You die...

#.............#.#
#.......†...###.#
#...........# #.#
............# #.#
............# #.##
..###....#### #..#
..###....#########
.................#
################@#
... ......@.# ###
...####.# #+#


You could see Terence.

Vanquished Creatures
  A dart slug (D:1)
  3 ball pythons
  3 bats (D:1)
  4 endoplasms (D:1)
  5 giant cockroaches
  2 goblins (D:1)
  5 quokkas
  A frilled lizard (D:2)
  5 kobolds (D:1)
  3 rats (D:1)
32 creatures vanquished.

Notes
Turn   | Place    | Note
-------+----------+-------------------------------------------
     0 | D:1      | Leeroy the Demigod Gladiator began the quest for the Orb.
     0 | D:1      | Reached XP level 1. HP: 17/17 MP: 3/3
    88 | D:1      | Reached skill level 3 in Long Blades
   210 | D:1      | Reached XP level 2. HP: 16/24 MP: 4/4
   871 | D:1      | Reached XP level 3. HP: 29/29 MP: 5/5
  1109 | D:2      | Reached skill level 4 in Long Blades
  1193 | D:2      | Noticed Terence
  1217 | D:2      | HP: 1/29 [Terence/+0 hand axe (6)]
  1220 | D:2      | Slain by Terence

Illustrated notes

Levels and vault maps discovered:
D:1:      amcnicky_arrival_double_pillar, layout_basic,
          shapermc_ecumenical_altar_mp_vishouse
D:2:      layout_basic, uniq_crazy_yiuf_cottage, uniq_terence

Skill      XL: |  1  2  3 |
---------------+----------+-----
Long Blades    | 3 4 |  4.0
Fighting       | |  1.7
Throwing       | |  1.7
Dodging        | |  2.6

Action                     || total
---------------------------++-------
  Melee: Long sword        ||    65
         Dagger            ||    76
         Punch             ||     2
  Throw: Throwing net      ||     3
         Javelin           ||     1
   Stab: Sleeping          ||     4
         Held in net/web   ||     2
 Armour: Leather armour    ||    41
  Dodge: Dodged            ||    66

Table legend: (Time is in decaauts)
 A = Elapsed time spent in this place.
 B = Non-inter-level travel time spent in this place.
 C = Inter-level travel time spent in this place.
 D = Time resting spent in this place.
 E = Time spent auto-exploring this place.
 F = Levels seen in this place.
 G = Mean time per level.
                   A        B        C        D        E       F      G
               +--------+--------+--------+--------+--------+-----+--------+
         Total |   1198 |   1174 |     24 |      0 |    950 |   2 |  599.0 |
       Dungeon |   1198 |   1174 |     24 |      0 |    950 |   2 |  599.0 |
               +--------+--------+--------+--------+--------+-----+--------+

Top non-repeatable levels by time:
     D:1: 1043 daAuts
     D:2: 155 daAuts
